 Dungeon Crawl Stone Soup version 0.26-a0-474-gfaca0e1de5 (webtiles) character file.

Game seed: 4994014230364239320

34330 Gargoyl the Fighter (level 13, -4/114 HPs)
             Began as a Gnoll Abyssal Knight on July 30, 2020.
             Was the Champion of Lugonu.
             Slain by Snorg (19 damage)
             ... on level 6 of the Lair of Beasts on July 31, 2020.
             The game lasted 00:23:24 (17006 turns).

Gargoyl the Fighter (Gnoll Abyssal Knight)         Turns: 17006, Time: 00:23:25

Health: -4/114     AC: 23    Str: 17      XL:     13   Next: 76%
Magic:  25/25      EV: 11    Int: 16 (17) God:    Lugonu [******]
Gold:   868        SH: 13    Dex: 16 (17) Spells: 29/29 levels left

rFire    + + .     SeeInvis .   n - +3 war axe (elec)
rCold    . . .     Faith    .   s - +2 kite shield
rNeg     . . .     Spirit   .   P - +4 chain mail {rF+}
rPois    .         Reflect  .   f - +2 helmet
rElec    .         Harm     .   h - +2 cloak {rF+}
rCorr    +                      (no gloves)
MR       .....                  G - +0 pair of boots "Idiuffej" {+Inv rCorr}
Stlth    +.........             o - amulet of magic regeneration
HPRegen  0.29/turn              K - +4 ring of slaying
MPRegen  0.44/turn              m - +4 ring of slaying

@: about to teleport
A: distributed training, fangs 1, clever 1, deterioration 1, robust 1, strong
nose
a: Depart the Abyss, Bend Space, Banish, Corrupt, Enter the Abyss, Brand Weapon
With Distortion, Renounce Religion, Evoke Invisibility


You were on level 6 of the Lair of Beasts.
You worshipped Lugonu.
Lugonu was exalted by your worship.
You visited 2 branches of the dungeon, and saw 14 of its levels.
You visited the Abyss 1 time.
You also visited: Ossuary and Volcano.

You collected 1123 gold pieces.
You spent 255 gold pieces at shops.

Inventory:

Hand Weapons
 a - a +5 hand axe
 n - a +3 war axe of electrocution (weapon)
 A - the +3 trident of Trog's Favour {vorpal, rPois SInv}
   (You bought it in a shop on level 5 of the Dungeon)

   It inflicts extra damage upon your enemies.
   It protects you from poison.
   It lets you see invisible.
Missiles
 F - 16 boomerangs (quivered)
Armour
 f - a +2 helmet (worn)
 h - a +2 cloak of fire resistance (worn)
 s - a +2 kite shield (worn)
 G - the +0 pair of boots "Idiuffej" (worn) {+Inv rCorr}
   (You found it on level 6 of the Dungeon)

   It lets you turn invisible.
   It provides partial protection from all sources of acid and corrosion.
 P - a +4 chain mail of fire resistance (worn)
Jewellery
 e - an uncursed ring of see invisible
 m - a +4 ring of slaying (right hand)
 o - an amulet of magic regeneration (around neck)
 K - a +4 ring of slaying (left hand)
 L - an uncursed amulet of regeneration
 O - an uncursed ring of wizardry {unknown}
Wands
 y - a wand of polymorph (8)
 E - a wand of enslavement (7)
 H - a wand of clouds (5)
 I - a wand of flame (33)
 N - a wand of iceblast (14)
Scrolls
 b - 2 scrolls of magic mapping
 g - a scroll of identify
 j - 7 scrolls of teleportation
 p - 2 scrolls of remove curse
 w - 3 scrolls of fear
 D - 3 scrolls of fog
 M - 2 scrolls of blinking
Potions
 c - 4 potions of might
 i - 4 potions of curing
 k - 7 potions of lignification
 l - 3 potions of heal wounds
 q - 2 potions of stabbing
 r - 4 potions of magic
 t - 3 potions of flight
 u - 2 potions of berserk rage
 v - a potion of haste
 x - 3 potions of brilliance
 B - 2 potions of resistance {unknown}
 C - 2 potions of ambrosia


   Skills:
 + Level 10.7 Fighting
 + Level 8.6 Short Blades
 + Level 8.6 Long Blades
 + Level 9.7 Axes
 + Level 8.6 Maces & Flails
 + Level 8.6 Polearms
 + Level 8.6 Staves
 + Level 8.6 Slings
 + Level 8.6 Bows
 + Level 8.6 Crossbows
 + Level 8.6 Throwing
 + Level 9.7 Armour
 + Level 9.0 Dodging
 + Level 8.6 Stealth
 + Level 8.6 Shields
 + Level 8.6 Unarmed Combat
 + Level 8.6 Spellcasting
 + Level 7.1 Conjurations
 + Level 7.1 Hexes
 + Level 7.1 Summonings
 + Level 7.1 Necromancy
 + Level 7.1 Translocations
 + Level 7.1 Transmutations
 + Level 7.1 Fire Magic
 + Level 7.1 Ice Magic
 + Level 7.1 Air Magic
 + Level 7.1 Earth Magic
 + Level 7.1 Poison Magic
 + Level 10.4 Invocations
 + Level 8.6 Evocations


You had 29 spell levels left.
You didn't know any spells.
Your spell library contained the following spells:

 Spells                   Type           Power        Failure   Level
 Blink                    Tloc           N/A          19%         2
 Gell's Gravitas          Tloc           ####......   36%         3
 Lesser Beckoning         Tloc           ####......   36%         3
 Teleport Other           Tloc           ####....     36%         3
 Passage of Golubria      Tloc           N/A          77%         4


Dungeon Overview and Level Annotations

Branches:
Dungeon (8/15)             Temple (0/1) D:7            Lair (6/6) D:8
  Swamp (0/4) Lair:2       Spider (0/4) Lair:4        Slime (0/5) Lair:5
Ossuary (visited)         Volcano (visited)

Altars:
Ashenzari
Dithmenos
Elyvilon
Gozag
Hepliaklqana
Kikubaaqudgha
Makhleb
Nemelex Xobeh
Qazlal
Vehumet
Xom
Yredelemnul
The Shining One

Shops:
D:5 (   D:7 (   D:8 *

Annotations:
D:6 1 runed translucent door
Lair:6 Snorg


Innate Abilities, Weirdness & Mutations

Your experience applies equally to all skills.
You have very sharp teeth.
Your uncanny sense of smell can sniff out nearby items.
Your mind is acute. (Int +2)
Your body sometimes deteriorates upon taking damage.
You are robust. (+10% HP)


Message History

The blink frog hits you.
* * * LOW HITPOINT WARNING * * *
The blink frog blinks! x2; You block the cane toad's attack.
Space bends sharply around you!
You kill the bullfrog!
Lugonu accepts your kill.
You blink.
Snorg the Insatiable comes into view.
You feel sick.
Snorg shouts!
The blink frog blinks!
Found a stone staircase leading up.
You feel better.
The blink frog blinks!
As you read the scroll of teleportation, it crumbles to dust.
You feel strangely unstable. The cane toad stings you!
* * * LOW HITPOINT WARNING * * *
Snorg goes berserk!
Snorg bites you but does no damage. Snorg misses you. You block Snorg's attack.
Snorg bites you!!
You die...

..............†...≈≈≈P
.............†F#..≈≈≈≈
.............†.# y≈≈≈≈
.............F.## .≈≈≈
#.............F.# F≈≈
##........§..?F.## ≈≈
#..............# ≈
##.............F#
#.... .........@#
.....
..........T...≈≈.
.....
..............≈..
..... ................
..... #.....<....#....
..... .#.....#..##....
....# ####.##### ##.
....# ## ...PP


You could see Snorg (berserk), 2 cane toads and 3 blink frogs.

Vanquished Creatures
  A fire dragon (Volcano)
  3 two-headed ogres (Volcano)
  A lindwurm (Lair:3)
  3 oklob plants (Lair:3)
  3 salamanders (Volcano)
  5 black mambas
  4 elephants (Lair:6)
  13 cane toads
  2 rime drakes
  7 komodo dragons
  A tyrant leech (Lair:6)
  2 hippogriffs
  15 blink frogs
  Sigmund (D:5)
  6 wyverns
  23 yaks
  10 fire bats (Volcano)
  2 steam dragons (Volcano)
  Grum (D:8)
  3 vampire mosquitoes (Lair:6)
  3 insubstantial wisps (Lair:2)
  4 water moccasins
  9 porcupines
  2 ice beasts
  3 black bears (D:8)
  2 orc warriors (D:6)
  2 sky beasts
  25 wolves
  A phantom (D:8)
  A necrophage (D:7)
  9 ogres
  2 centaurs (D:6)
  14 crocodiles
  14 bullfrogs
  5 scorpions
  9 killer bees
  A howler monkey (D:6)
  A crimson imp (D:5)
  A bullfrog zombie (D:5)
  2 hounds
  2 bullfrog skeletons
  A centaur skeleton (D:7)
  A quasit (D:8)
  3 orc priests
  12 orc wizards
  An iguana (D:7)
  5 worker ants
  A hound zombie (D:6)
  4 mummies (Ossuary)
  10 adders
  3 gnolls (D:3)
  3 shadow imps
  A white imp (D:5)
  2 ufetubi (D:5)
  2 oozes
  An adder zombie (D:5)
  An adder skeleton (D:8)
  3 worms
  6 leopard geckos
  29 orcs
  5 giant cockroaches
  A goblin (D:2)
  7 hobgoblins
  5 jackals
  7 kobolds
  3 quokkas
  A ball python (D:3)
  15 bats
  5 frilled lizards
  3 gnoll zombies (Ossuary)
  3 goblin zombies (Ossuary)
  A hobgoblin zombie (Ossuary)
  A jackal skeleton (D:6)
  A kobold zombie (Ossuary)
  7 rats
  A fungus (D:5)
  15 plants
388 creatures vanquished.

Vanquished Creatures (collateral kills)
  A centaur skeleton (D:8)
1 creature vanquished.

Vanquished Creatures (others)
  A hydra (Lair:1)
  31 fungi (D:8)
  12 plants
44 creatures vanquished.

Grand Total: 433 creatures vanquished

Notes
Turn   | Place    | Note
-------+----------+-------------------------------------------
     0 | Abyss:1  | Gargoyl the Gnoll Abyssal Knight began the quest for the
                  | Orb.
     0 | Abyss:1  | Reached XP level 1. HP: 23/23 MP: 3/3
    47 | Abyss:2  | Noticed a hellwing
    49 | D:1      | Escaped the Abyss
   222 | D:1      | Reached * piety under Lugonu
   243 | D:1      | Reached XP level 2. HP: 29/29 MP: 5/5
   827 | D:2      | Reached XP level 3. HP: 35/35 MP: 6/6
  1069 | D:2      | Found a hazy altar of Hepliaklqana.
  1111 | D:2      | Found a basalt altar of Yredelemnul.
  1278 | D:2      | Found a faded altar of an unknown god.
  1345 | D:2      | Reached skill level 1 in Short Blades
  1345 | D:2      | Reached skill level 1 in Long Blades
  1345 | D:2      | Reached skill level 1 in Maces & Flails
  1345 | D:2      | Reached skill level 1 in Polearms
  1345 | D:2      | Reached skill level 1 in Staves
  1345 | D:2      | Reached skill level 1 in Slings
  1345 | D:2      | Reached skill level 1 in Bows
  1345 | D:2      | Reached skill level 1 in Crossbows
  1345 | D:2      | Reached skill level 1 in Throwing
  1345 | D:2      | Reached skill level 1 in Stealth
  1345 | D:2      | Reached skill level 1 in Shields
  1345 | D:2      | Reached skill level 1 in Unarmed Combat
  1345 | D:2      | Reached skill level 1 in Spellcasting
  1345 | D:2      | Reached skill level 1 in Evocations
  1395 | D:2      | Reached XP level 4. HP: 41/41 MP: 7/7
  1914 | D:3      | Reached skill level 1 in Conjurations
  1914 | D:3      | Reached skill level 1 in Hexes
  1914 | D:3      | Reached skill level 1 in Summonings
  1914 | D:3      | Reached skill level 1 in Necromancy
  1914 | D:3      | Reached skill level 1 in Translocations
  1914 | D:3      | Reached skill level 1 in Transmutations
  1914 | D:3      | Reached skill level 1 in Fire Magic
  1914 | D:3      | Reached skill level 1 in Ice Magic
  1914 | D:3      | Reached skill level 1 in Air Magic
  1914 | D:3      | Reached skill level 1 in Earth Magic
  1914 | D:3      | Reached skill level 1 in Poison Magic
  1916 | D:3      | Reached ** piety under Lugonu
  1921 | D:3      | Reached XP level 5. HP: 38/47 MP: 8/8
  2004 | D:3      | Found a shattered altar of Ashenzari.
  2376 | D:3      | Found a sparkling altar of Nemelex Xobeh.
  2464 | D:4      | Noticed an ogre
  2470 | D:4      | Killed an ogre
  2470 | D:4      | Reached skill level 5 in Invocations
  2470 | D:4      | Reached XP level 6. HP: 50/53 MP: 9/9
  2478 | D:4      | Reached skill level 5 in Axes
  2478 | D:4      | Reached skill level 5 in Armour
  2599 | D:4      | Reached *** piety under Lugonu
  2599 | D:4      | Reached XP level 7. HP: 37/59 MP: 10/10
  2761 | D:4      | Found a sand-covered staircase.
  2766 | Ossuary  | Entered an ossuary
  3238 | D:4      | Found a radiant altar of Vehumet.
  3701 | D:5      | Entered Level 5 of the Dungeon
  3863 | D:5      | Reached XP level 8. HP: 50/67 MP: 12/12
  4008 | D:5      | Found Lerav's Antique Weapon Shoppe.
  4041 | D:5      | Bought an ichor-stained trident for 255 gold pieces
  4041 | D:5      | Identified the +3 trident of Trog's Favour {vorpal, rPois
                  | SInv} (You bought it in a shop on level 5 of the Dungeon)
  4118 | D:5      | Found a white marble altar of Elyvilon.
  4118 | D:5      | Found a stormy altar of Qazlal.
  4121 | D:5      | Noticed Sigmund
  4130 | D:5      | Killed Sigmund
  4358 | D:5      | Found an opulent altar of Gozag.
  4379 | D:5      | Found a shimmering altar of Xom.
  4380 | D:5      | Found a burning altar of Makhleb.
  4405 | D:5      | Reached **** piety under Lugonu
  5209 | D:6      | Reached XP level 9. HP: 66/72 MP: 14/14
  5249 | D:6      | Found a runed translucent door.
  5268 | D:6      | Found a basalt altar of Yredelemnul.
  5511 | D:6      | Reached skill level 5 in Dodging
  5821 | D:6      | Found a glowing golden altar of the Shining One.
  5898 | D:6      | Got a pair of polished boots
  5904 | D:6      | Identified the +0 pair of boots "Idiuffej" {+Inv rCorr}
                  | (You found it on level 6 of the Dungeon)
  5966 | D:7      | Found a staircase to the Ecumenical Temple.
  6200 | D:7      | Reached ***** piety under Lugonu
  6367 | D:7      | Upgraded the game from 0.26-a0-466-g989023bd0d to
                  | 0.26-a0-474-gfaca0e1de5
  6579 | D:7      | Found Xonaon's Weapon Emporium.
  6755 | D:8      | Found Niot's Lightly-Used Armoury.
  7047 | D:8      | Reached XP level 10. HP: 76/80 MP: 17/17
  7082 | D:8      | Found a staircase to the Lair.
  7088 | D:8      | Reached skill level 5 in Short Blades
  7088 | D:8      | Reached skill level 5 in Long Blades
  7088 | D:8      | Reached skill level 5 in Maces & Flails
  7088 | D:8      | Reached skill level 5 in Polearms
  7088 | D:8      | Reached skill level 5 in Staves
  7088 | D:8      | Reached skill level 5 in Slings
  7088 | D:8      | Reached skill level 5 in Bows
  7088 | D:8      | Reached skill level 5 in Crossbows
  7088 | D:8      | Reached skill level 5 in Throwing
  7088 | D:8      | Reached skill level 5 in Stealth
  7088 | D:8      | Reached skill level 5 in Shields
  7088 | D:8      | Reached skill level 5 in Unarmed Combat
  7088 | D:8      | Reached skill level 5 in Spellcasting
  7088 | D:8      | Reached skill level 5 in Evocations
  7631 | D:8      | Noticed Grum
  7644 | D:8      | Killed Grum
  7840 | D:8      | Found an ancient bone altar of Kikubaaqudgha.
  8049 | Lair:1   | Entered Level 1 of the Lair of Beasts
  8049 | Lair:1   | Noticed a six-headed hydra
  8050 | Lair:1   | Banished a six-headed hydra
  8376 | Lair:1   | Reached XP level 11. HP: 82/87 MP: 19/19
  8449 | Lair:1   | Reached skill level 5 in Conjurations
  8449 | Lair:1   | Reached skill level 5 in Hexes
  8449 | Lair:1   | Reached skill level 5 in Summonings
  8449 | Lair:1   | Reached skill level 5 in Necromancy
  8449 | Lair:1   | Reached skill level 5 in Translocations
  8449 | Lair:1   | Reached skill level 5 in Transmutations
  8449 | Lair:1   | Reached skill level 5 in Fire Magic
  8449 | Lair:1   | Reached skill level 5 in Ice Magic
  8449 | Lair:1   | Reached skill level 5 in Air Magic
  8449 | Lair:1   | Reached skill level 5 in Earth Magic
  8449 | Lair:1   | Reached skill level 5 in Poison Magic
  8770 | Lair:1   | You fall into a shaft and drop 1 floor!
  9634 | Lair:2   | Found a staircase to the Swamp.
  9742 | Lair:2   | Found a hazy altar of Hepliaklqana.
 10551 | Lair:3   | Noticed an oklob plant
 10552 | Lair:3   | Noticed an oklob plant
 10554 | Lair:3   | Noticed an oklob plant
 10555 | Lair:3   | Noticed an oklob plant
 10780 | Lair:3   | Killed an oklob plant
 10780 | Lair:3   | Reached XP level 12. HP: 60/96 MP: 22/22
 12659 | Lair:4   | Found a hole to the Spider Nest.
 13043 | Lair:4   | Found a dark tunnel.
 13050 | Volcano  | Entered a volcano
 13179 | Volcano  | Noticed a two-headed ogre
 13189 | Volcano  | Killed a two-headed ogre
 13189 | Volcano  | Reached skill level 10 in Fighting
 13642 | Volcano  | Noticed a two-headed ogre
 13650 | Volcano  | Killed a two-headed ogre
 13997 | Volcano  | Noticed a two-headed ogre
 14009 | Volcano  | Killed a two-headed ogre
 14009 | Volcano  | Reached XP level 13. HP: 39/103 MP: 24/24
 14262 | Volcano  | Noticed a fire dragon
 14273 | Volcano  | Killed a fire dragon
 14963 | Lair:4   | Reached skill level 10 in Invocations
 15787 | Lair:5   | Gained mutation: Your body sometimes deteriorates upon
                  | taking damage. [potion of mutation]
 15787 | Lair:5   | Gained mutation: You are robust. (+10% HP) [potion of
                  | mutation]
 15787 | Lair:5   | Gained mutation: Your mind is acute. (Int +2) [potion of
                  | mutation]
 15887 | Lair:5   | Found a staircase to the Slime Pits.
 16538 | Lair:6   | Entered Level 6 of the Lair of Beasts
 16570 | Lair:6   | Reached ****** piety under Lugonu
 16796 | Lair:6   | Found a shadowy altar of Dithmenos.
 16810 | Lair:6   | Got a fine scale mail
 16821 | Lair:6   | Identified the cursed +0 scale mail of Cowardice {rN+} (You
                  | found it on level 6 of the Lair of Beasts)
 17003 | Lair:6   | Noticed Snorg
 17006 | Lair:6   | Slain by Snorg

Illustrated notes

Levels and vault maps discovered:
D:1:      psy_arrival_statuary, layout_basic
D:2:      layout_loops_corners, overflow_temple_1_default, lemuel_round_altar,
          chequers_ecumenical_altar_grove, serial_bayou_crossing
D:3:      layout_rooms, nicolae_ashenzari_panopticon,
          nemelex_xobeh_ov_fountains_minmay
D:4:      layout_cave_pools, fiery_altar_vehumet,
          nicolae_ossuary_entry_false_entrances, kennysheep_generic_room_13
D:5:      old_forge, layout_layer_cave, grunt_temple_overflow_champion_of_chaos,
          nicolae_overflow_hidden_temple, serial_shops,
          nicolae_shop_temple_entry_statues_fountains,
          ebering_dispersal_statue_hall, uniq_sigmund
D:6:      layout_gridville, lemuel_coloured_pillars_altar, dk_yredelemnul_ordeal
D:7:      layout_loops_ring, minmay_temple_entry_butterflies, serial_shops,
          nicolae_shop_stone
D:8:      layout_loops_corners, kennysheep_little_box,
          due_lair_maze_entry_diamond, minmay_shop_damaged, uniq_grum
Lair:1:   layout_gridlike, grunt_megastairs_5
Lair:2:   layout_chaotic_city, minmay_swamp_entry_wisps, basic_altar
Lair:3:   layout_regular_city, minmay_lair_oklob_chamber
Lair:4:   layout_cave_pods, dummy_spider_entry,
          lightli_volcano_entry_magma_tube, infiniplex_staircase_pool_2
Lair:5:   layout_gridlike, slime_dummy, chequers_serial_rivers_small_b,
          st_stairs_13
Lair:6:   minmay_lair_end_frog_pond, layout_hall_layers, basic_altar,
          lemuel_fruit_tree, uniq_snorg

Skill      XL: |  1  2  3  4  5  6  7  8  9 10 11 12 13 |
---------------+----------------------------------------+-----
Short Blades   | 1 2 3 4 5 6 7 8 |  8.6
Long Blades    | 1 2 3 4 5 6 7 8 |  8.6
Maces & Flails | 1 2 3 4 5 6 7 8 |  8.6
Polearms       | 1 2 3 4 5 6 7 8 |  8.6
Staves         | 1 2 3 4 5 6 7 8 |  8.6
Slings         | 1 2 3 4 5 6 7 8 |  8.6
Bows           | 1 2 3 4 5 6 7 8 |  8.6
Crossbows      | 1 2 3 4 5 6 7 8 |  8.6
Throwing       | 1 2 3 4 5 6 7 8 |  8.6
Stealth        | 1 2 3 4 5 6 7 8 |  8.6
Shields        | 1 2 3 4 5 6 7 8 |  8.6
Unarmed Combat | 1 2 3 4 5 6 7 8 |  8.6
Spellcasting   | 1 2 3 4 5 6 7 8 |  8.6
Evocations     | 1 2 3 4 5 6 7 8 |  8.6
Conjurations   | 1 2 3 4 5 6 7 |  7.1
Hexes          | 1 2 3 4 5 6 7 |  7.1
Summonings     | 1 2 3 4 5 6 7 |  7.1
Necromancy     | 1 2 3 4 5 6 7 |  7.1
Translocations | 1 2 3 4 5 6 7 |  7.1
Transmutations | 1 2 3 4 5 6 7 |  7.1
Fire Magic     | 1 2 3 4 5 6 7 |  7.1
Ice Magic      | 1 2 3 4 5 6 7 |  7.1
Air Magic      | 1 2 3 4 5 6 7 |  7.1
Earth Magic    | 1 2 3 4 5 6 7 |  7.1
Poison Magic   | 1 2 3 4 5 6 7 |  7.1
Dodging        | 3 4 5 6 7 8 9 |  9.0
Invocations    | 5 6 7 8 9 10 | 10.4
Axes           | 5 6 7 8 9 |  9.7
Armour         | 5 6 7 8 9 |  9.7
Fighting       | 7 8 9 10 | 10.7

Action                   |  1- 3 |  4- 6 |  7- 9 | 10-12 | 13-15 || total
-------------------------+-------+-------+-------+-------+-------++-------
Melee: Hand axe          |    74 |    89 |     7 |       |       ||   170
       Bite              |     9 |     3 |    21 |    41 |    28 ||   102
       Punch             |       |     1 |       |       |       ||     1
       War axe           |       |       |   216 |   362 |   157 ||   735
Throw: Boomerang         |       |       |       |     5 |       ||     5
Invok: Depart the Abyss  |     1 |       |       |       |       ||     1
       Banish            |       |       |       |     2 |       ||     2
       Bend Space        |       |       |       |       |     1 ||     1
  Use: Scroll            |    11 |     2 |    10 |    12 |     4 ||    39
       Potion            |       |       |     7 |       |     3 ||    10
 Stab: Sleeping          |     2 |       |     7 |    10 |       ||    19
       Distracted        |       |       |     4 |     3 |       ||     7
Armor: Leather armour    |    28 |    33 |     5 |       |       ||    66
       Ring mail         |       |       |   107 |   116 |       ||   223
       Skin              |       |       |    20 |       |       ||    20
       Chain mail        |       |       |       |    19 |   107 ||   126
Dodge: Dodged            |    52 |    78 |   110 |   203 |    94 ||   537
Block: Kite shield       |       |     4 |   140 |   230 |   161 ||   535

Table legend: (Time is in decaauts)
 A = Elapsed time spent in this place.
 B = Non-inter-level travel time spent in this place.
 C = Inter-level travel time spent in this place.
 D = Time resting spent in this place.
 E = Time spent auto-exploring this place.
 F = Levels seen in this place.
 G = Mean time per level.
                   A        B        C        D        E       F      G
               +--------+--------+--------+--------+--------+-----+--------+
         Total |  17155 |  16786 |    369 |   4261 |   9365 |  18 |  953.1 |
       Dungeon |   7619 |   7341 |    278 |    761 |   5008 |   8 |  952.4 |
          Lair |   7281 |   7190 |     91 |   2240 |   3902 |   6 | 1213.5 |
         Abyss |     48 |     48 |      0 |      0 |     37 |   2 |   24.0 |
       Ossuary |    473 |    473 |      0 |    186 |    168 |   1 |  473.0 |
       Volcano |   1733 |   1733 |      0 |   1074 |    250 |   1 | 1733.0 |
               +--------+--------+--------+--------+--------+-----+--------+

Top non-repeatable levels by time:
  Lair:3: 2166 daAuts
 Volcano: 1733 daAuts
     D:5: 1446 daAuts
  Lair:4: 1396 daAuts
     D:8: 1327 daAuts
  Lair:1: 1289 daAuts
  Lair:2: 1134 daAuts
     D:2: 1093 daAuts
     D:6: 834 daAuts
  Lair:5: 821 daAuts
     D:7: 802 daAuts
     D:4: 776 daAuts
     D:3: 769 daAuts
     D:1: 569 daAuts
 Ossuary: 473 daAuts
